 Dungeon Crawl Stone Soup version 0.19.1-1-g22dce08 (webtiles) character file.

415 TuxedoFelix the Slasher (level 6, -7/56 HPs)
             Began as a Minotaur Fighter on Jan 15, 2017.
             Killed by divine providence
             ... invoked by an orc priest
              (10 damage)
             ... on level 3 of the Dungeon on Jan 20, 2017.
             The game lasted 00:18:49 (2117 turns).

TuxedoFelix the Slasher (Minotaur Fighter)          Turns: 2117, Time: 00:18:50

Health: -7/56      AC:  8    Str: 19 (22) XL:     6   Next: 60%
Magic:  5/5        EV: 13    Int:  3 (5)  God:
Gold:   170        SH: 12    Dex: 12 (15) Spells: 0 memorised, 5 levels left

rFire  . . .     SeeInvis .     a - +0 long sword
rCold  . . .     Gourm    .     b - +0 scale mail
rNeg   . . .     Faith    .     c - +2 shield
rPois  .         Spirit   .     (helmet restricted)
rElec  .         Reflect  .     (no cloak)
rCorr  .         Harm     .     p - +0 pair of gloves
MR     .....                    (no boots)
Stlth  +.........               (no amulet)
                                (no ring)
                                (no ring)

@: agile, very slightly contaminated
A: retaliatory headbutt, horns 2
a: no special abilities


You were on level 3 of the Dungeon.
You were not hungry.

You visited 1 branch of the dungeon, and saw 3 of its levels.

You collected 170 gold pieces.

Inventory:

Hand Weapons
 a - a +0 long sword (weapon)
 g - a +0 bardiche
Armour
 b - a +0 scale mail (worn)
 c - a +2 shield (worn)
 p - a +0 pair of gloves (worn)
Scrolls
 e - 2 scrolls of amnesia
 k - 2 scrolls of magic mapping
 n - a scroll of blinking {unknown}
 q - 2 scrolls of remove curse
Potions
 j - a potion of curing {unknown}
 l - a potion of haste {unknown}
 m - a potion of invisibility
 r - a potion of lignification {unknown}
Books
 s - a book of Misfortune

   Spells                             Type                      Level
   a - Confusing Touch                Hexes                        1
   b - Confuse                        Hexes                        3
   c - Gell's Gravitas                Hexes/Translocation          3
   d - Petrify                        Transmutation/Earth          4
   e - Metabolic Englaciation         Hexes/Ice                    5
   f - Yara's Violent Unravelling     Hexes/Transmutation          5
Comestibles
 f - 2 bread rations
 h - 2 chunks of flesh
 o - 5 fruits


   Skills:
 + Level 5.0 Fighting
 + Level 5.8 Long Blades
 + Level 4.4 Armour
 + Level 1.3 Dodging
 + Level 5.4 Shields


You had 5 spell levels left.
You didn't know any spells.

Dungeon Overview and Level Annotations

Branches:
Dungeon (3/15)

Altars:
Dithmenos
Gozag
Trog


Innate Abilities, Weirdness & Mutations

You reflexively headbutt those who attack you in melee.
You have a pair of horns on your head.


Message History

There was something very wrong with that liquid.
You feel weakened.
You feel dopey.
You feel clumsy.
The orc priest miscasts a cantrip.
A goblin comes into view.
The orc priest hits you with a hand axe.
* * * LOW HITPOINT WARNING * * *
It was a potion of agility.
You feel agile all of a sudden. The goblin closely misses you.
You riposte.
You hit the goblin but do no damage.
You headbutt the goblin, but do no damage.
You block the goblin's attack. The goblin misses you.
Found a scroll of remove curse.
The orc priest invokes the aid of Beogh against you.
Beogh smites you!
* * * LOW HITPOINT WARNING * * *
The orc priest invokes the aid of Beogh against you.
Beogh smites you!
You die...

.# #.##.###.# #.# ##.##
######.##.#...#####.########...##
###..............##............).
..#.##.##..#.###.##..#######...##
#.#.##.#...#.>.>o....### ##.##
#..........#...........# #.#
........#######.....##.######.#
...........#....g#### .#......#
######.###.#..##@# #.#.###### #.#
#.. #.# #.#.# #># ..? #.# #.#.#
#.# ##.# #.# #.#.# #.# #. #)#
#.#.# ###.# ##)## #.#.# ###
......#...####.#.# ...
#.....#........# ###
....#.#...####.###


You could see an orc priest and a goblin.

Vanquished Creatures
  Sigmund (D:3)
  A centaur (D:3)
  Crazy Yiuf (D:3)
  An orc wizard (D:3)
  5 adders
  3 worms (D:2)
  2 leopard geckos (D:2)
  8 orcs (D:3)
  3 giant cockroaches
  4 goblins
  5 hobgoblins
  7 kobolds
  2 quokkas (D:2)
  A ball python (D:1)
  7 bats
  4 frilled lizards
  8 rats
  A fungus (D:3)
64 creatures vanquished.

Notes
Turn   | Place    | Note
-------+----------+-------------------------------------------
     0 | D:1      | TuxedoFelix the Minotaur Fighter began the quest for the Orb.
     0 | D:1      | Reached XP level 1. HP: 19/19 MP: 0/0
   225 | D:1      | Reached XP level 2. HP: 27/27 MP: 1/1
   773 | D:2      | Reached XP level 3. HP: 32/33 MP: 2/2
   809 | D:2      | Found an opulent altar of Gozag.
   995 | D:2      | Found a bloodstained altar of Trog.
  1165 | D:2      | Found a shadowy altar of Dithmenos.
  1390 | D:2      | Reached XP level 4. HP: 41/41 MP: 3/3
  1668 | D:3      | Noticed Sigmund
  1687 | D:3      | Killed Sigmund
  1687 | D:3      | Reached skill level 5 in Fighting
  1687 | D:3      | Reached skill level 5 in Long Blades
  1687 | D:3      | Reached skill level 5 in Shields
  1687 | D:3      | Reached XP level 5. HP: 48/48 MP: 4/4
  1687 | D:3      | Reached XP level 6. HP: 56/56 MP: 5/5
  1830 | D:3      | Found a runed door.
  1834 | D:3      | Noticed Crazy Yiuf
  1839 | D:3      | Killed Crazy Yiuf
  1839 | D:3      | Reached skill level 1 in Dodging
  2117 | D:3      | Killed from afar by an orc priest

Skill      XL: |  1  2  3  4  5  6 |
---------------+-------------------+-----
Shields        | 4 5 |  5.4
Fighting       | 4 5 |  5.0
Long Blades    | 3 5 |  5.8
Armour         | 4 |  4.4
Dodging        | 1 |  1.3

Action                   |  1- 3 |  4- 6 || total
-------------------------+-------+-------++-------
Melee: Long sword        |   102 |    63 ||   165
       Headbutt          |    10 |    15 ||    25
  Use: Scroll            |     6 |       ||     6
       Potion            |       |     4 ||     4
  Eat: Chunk             |     2 |     1 ||     3
       Meat ration       |       |     1 ||     1
Armor: Scale mail        |    52 |    13 ||    65
Dodge: Dodged            |    34 |    16 ||    50
Block: Shield            |    57 |    39 ||    96
       Rpst.: Long sword |     7 |     6 ||    13
